← All builds
Geo sea / Cortex / Economy first / OBSERVED BUILD

Standard geo sea

Cortex Geo sea build order · Supreme Isthmus

Builds a bot lab then shipyard (usually in the cove), eats the bot lab for metal, and pumps out submarines, frigates and destroyers to contest the sea while supporting allies with energy.

Usually shipyard in the cove (98%)

#naval #eco · 1967 distinct matches · 199 players · 80% of Cortex Geo sea games · team won 53% of 2279 · Recently observed

HOW TO PLAY IT

Key timing: Bot Lab by 1:12, Shipyard by 3:17

  1. Open 3 mex into wind, then drop Bot Lab in cove.
  2. Finish Bot Lab, keep teching mex and wind.
  3. Get Shipyard up and start pumping subs and frigates.
  4. Eat the Bot Lab for metal once you have T1 units defending.
  5. Push out submarine, frigate, destroyer to contest sea.
  6. Bring geothermal online and transition toward T2 constructor.

Phase by phase

TYPICAL OF ITS 1967 GAMES
  1. 1
  2. 2
  3. 3
  4. 4
PLAY THE OPENING

Follow the example game's first 6:00 step by step: what to build now, what comes next, and where it goes. At 1× it keeps pace with your own game.

  1. 1

    Up to the Bot Lab

    Economy
    • Metal Extractor3Mex
    • Wind Turbine3Wind
    • Wind Turbine1Windfor allies
    Order
    1. Bot LabBot Lab after 3 mex, 3 winddone ~1:12, middle half 1:07–1:25

    By 0:55 in all: 3 mex · 3 wind

    The example game in this phase · 4 steps
    1. Mex ×3
    2. Wind ×2
    3. Wind ×2for Air
    4. Bot LabBot Labdone 1:14 · typical 1:12
  2. 2

    Bot Lab to Shipyard

    Economy
    • Metal Extractor1Mex
    • Wind Turbine2Wind
    Order
    1. ShipyardShipyard after 4 mex, 4 wind, 1 energy storagedone ~3:19, middle half 3:02–3:37
    Builders
    • Graverobber3 Graverobber
    • Construction Bot3 Con bot
    Army
    • Grunt1 Grunt

    Some games also: con turret (47%) · trasher (39%) · energy storage (36%)

    By 2:52 in all: 4 mex · 4 wind · 1 energy storage

    The example game in this phase · 15 steps
    1. GraverobberGraverobber ×2
    2. Wind ×2
    3. GraverobberGraverobber
    4. Wind ×2
    5. Construction BotCon bot
    6. TrasherTrasher
    7. Con turret
    8. GruntGruntfor Tech
    9. GruntGrunt
    10. Construction BotCon bot ×2
    11. Energy storage
    12. Mex ×2
    13. Radar TowerRadar Tower ×2
    14. Mex
    15. ShipyardShipyarddone 5:01 · typical 3:19
  3. 3

    Shipyard to 5:00

    Economy
    • Metal Extractor4Mex
    Order
    1. Bot LabEat Bot Lab
    Builders
    • Construction Ship1 Con ship
    Army
    • Riptide2 Frigate
    • Orca1 Submarine
    Other
    • Radar Tower1 Radar Tower

    Some games also: missile corvette (48%) · Guard (48%) · wind (48%) · destroyer (43%) · gunboat (39%)

    By 5:00 in all: 8 mex · 6 wind · 1 energy storage · 1 con turret

    The example game in this phase · 7 steps
    1. Radar TowerRadar Tower
    2. GuardGuard
    3. Twin GuardTwin Guard
    4. Construction BotCon bot
    5. GuardGuard ×2
    6. Con turret
    7. Geothermal PowerplantGeodone 6:05 · typical 8:07
  4. 4

    5:00 to 10:00

    Economy
    • Metal Extractor2Mex
    • Wind Turbine8Wind
    • Energy Converter2Converter
    Order
    1. Geothermal PowerplantGeo after 9 mex, 9 wind, 2 converterin 54% of games
    Builders
    • Construction Turret1 Con turret
    • Death Cavalry2 Death Cavalry
    • Construction Ship1 Con ship
    Army
    • Guard1 Guard
    • Riptide5 Frigate
    Other
    • Naval Radar / Sonar Tower2 Naval Radar / Sonar Tower

    Some games also: Thistle (40%) · submarine (30%)

    By 10:00 in all: 10 mex · 15 wind · 1 geo · 4 converter · 1 energy storage · 2 con turret

    The example game in this phase · 82 steps
    1. Construction ShipCon ship
    2. HerringMissile corvette
    3. RiptideFrigatedone 5:45 · typical 4:40
    4. Bot LabEat Bot Labreclaimed for its metal
    5. Mex
    6. Wind
    7. RiptideFrigate
    8. Wind
    9. RiptideFrigate
    10. Wind
    11. Converter
    12. Wind
    13. Converter
    14. OppressorDestroyerdone 7:26 · typical 5:55
    15. Converter
    16. Wind
    17. Converter
    18. Wind
    19. Converter
    20. Wind
    21. Mex
    22. Converter
    23. Death CavalryDeath Cavalry
    24. Wind ×2
    25. Mex
    26. Wind
    27. Converter
    28. Construction ShipCon ship
    29. Wind
    30. Radar TowerRadar Tower
    31. Wind
    32. HerringMissile corvette
    33. Converter
    34. Wind
    35. RiptideFrigate
    36. Wind
    37. GuardGuard
    38. Converter
    39. RiptideFrigate
    40. Advanced Metal ExtractorT2 mexdone 9:14 · typical 9:24
    41. RiptideFrigate
    42. GuardGuard
    43. OppressorDestroyer
    44. Advanced Metal ExtractorT2 mex
    45. Death CavalryDeath Cavalry
    46. Construction ShipCon ship
    47. Advanced Metal ExtractorT2 mex
    48. GuardGuard
    49. HerringMissile corvette
    50. Radar TowerRadar Tower
    51. RiptideFrigate
    52. Con turret
    53. RiptideFrigate ×2
    54. OppressorDestroyer
    55. Con turret
    56. Wind
    57. Advanced Metal ExtractorT2 mex
    58. Wind ×2
    59. Death CavalryDeath Cavalry
    60. Radar TowerRadar Tower
    61. Wind
    62. Mex
    63. Construction ShipCon ship
    64. Wind ×2
    65. HerringMissile corvette
    66. Wind
    67. RiptideFrigate
    68. Con turret
    69. Mex
    70. Wind
    71. RiptideFrigate
    72. Wind
    73. RiptideFrigate
    74. Wind
    75. OppressorDestroyer
    76. Wind
    77. Advanced Metal ExtractorT2 mex
    78. Twin GuardTwin Guard
    79. Wind
    80. Death CavalryDeath Cavalry
    81. Twin GuardTwin Guard
    82. Wind

Counts are medians over the build's games: half of them build more, half fewer. The example game is [MooDeng]NongJohn's (38 OS, 15/10/2026); pick another.

Team trades

IN AT LEAST 30% OF ITS GAMES

You hand over

  • Wind Turbine2 Wind to Airfirst at 1:42 · in 73% of games

You get

  • Finch1 Finch from Airfirst at 1:52 · in 81% of games
  • Hercules1 Light transport from Airfirst at 1:59 · in 76% of games
  • Advanced Construction Bot1 T2 con bot from Techfirst at 7:44 · in 90% of games

How it plays out

Typical game of this build, running totals by minute

Metal produced

010k20k30k
0:005:0010:0015:00

metal

Enemy metal destroyed

05k10k
0:005:0010:0015:00

metal

Own metal lost

02.5k5k7.5k
0:005:0010:0015:00

metal

2279 games.

Show as table
ByMetal produced: This buildEnemy metal destroyed: This buildOwn metal lost: This build
1:0039800
2:0092900
3:00156000
4:002865051
5:00406714652
6:005416440231
7:006893905526
8:0085771530891
9:001043024351321
10:001255434711984
11:001508846402761
12:001807160153621
13:002131572124345
14:002484384805186
15:002875597316200
WHAT THE NUMBERS SAY

This is the role's own baseline, winning a bit over half its games with steady eco scaling and sea trades roughly matching losses.

  • + Team wins slightly over half of games played.
  • + Metal production scales from ~4k to ~29.5k by 15:00.
  • − Own metal lost climbs to 6875 by 15:00, matching kills closely.
  • − T2 factory only reached in 40% of games, limiting late power.
THE EXAMPLE YOU ARE READING

[MooDeng]NongJohn

37.8 OS · 15/10/2026

Open source match ↗

3 received units · includes a constructor
1022 metal received · 79803 energy received

Allied construction assistance is unknown. Timings are observations, not a promise of solo reproducibility.

Typical milestones

Bot Lab1:12Middle 50%: 1:07–1:25 · n=2252
Shipyard3:19Middle 50%: 3:02–3:37 · n=2270
Orca4:18Middle 50%: 3:52–4:59 · n=1540
Riptide4:40Middle 50%: 4:09–5:21 · n=2219
Oppressor5:55Middle 50%: 5:13–6:43 · n=2098
Geothermal Powerplant8:07Middle 50%: 7:10–9:24 · n=1537
Advanced Metal Extractor9:24Middle 50%: 8:46–10:21 · n=1995

Played most by

SHOGVN227games of this buildElpoloow178games of this buildsirniho124games of this buildOptimusprimenutt92games of this buildhihimik79games of this build
Standard geo sea · Cortex Geo sea build order · BAR Build Atlas